 Dungeon Crawl Stone Soup version 0.19-a0-1341-g3513869 (webtiles) character file.

89 Espgualade the Skirmisher (level 4, -3/33 HPs)
             Began as an Octopode Ice Elementalist on Sept 1, 2016.
             Slain by an iron imp (12 damage)
             ... summoned by Natasha
             ... on level 2 of the Dungeon.
             The game lasted 00:04:40 (2321 turns).

Espgualade the Skirmisher (OpIE)                    Turns: 2321, Time: 00:04:41

Health: -3/33      AC:  1    Str:  7    XL:     4   Next: 55%
Magic:  5/7        EV: 13    Int: 18    God:
Gold:   34         SH:  0    Dex: 12    Spells: 3 memorised, 1 level left

rFire  . . .     SeeInvis .     f - +0 trident
rCold  . . .     Gourm    .     (no shield)
rNeg   . . .     Faith    .     (helmet restricted)
rPois  .         Spirit   .     (no amulet)
rElec  .         Dismiss  .     (no ring)
rCorr  .         Reflect  .     (no ring)
MR     .....     Harm     .     (no ring)
Stlth  +++.......               (no ring)
                                (no ring)
                                (no ring)
                                (no ring)
                                (no ring)

@: no status effects
A: almost no armour, stealthy swim, amphibious, 8 rings, constrict 8, camouflage
1, gelatinous body 1
a: no special abilities


You were on level 2 of the Dungeon.
You were hungry.

You visited 1 branch of the dungeon, and saw 2 of its levels.

You collected 34 gold pieces.

Inventory:

Hand Weapons
 f - a +0 trident (weapon)
Scrolls
 e - a scroll of random uselessness {unknown}
 h - a scroll of remove curse
Potions
 d - a potion of ambrosia {unknown}
 g - a potion of lignification
Books
 a - a book of Frost

   Spells                             Type                      Level
   a - Freeze                         Ice                          1
   b - Throw Frost                    Conjuration/Ice              2
   c - Ozocubu's Armour               Charms/Ice                   3
   d - Throw Icicle                   Conjuration/Ice              4
   e - Summon Ice Beast               Ice/Summoning                4
Comestibles
 b - a bread ration
 c - a slice of pizza


   Skills:
 + Level 4.0 Fighting
 - Level 2.0 Dodging
 - Level 2.6 Stealth
 - Level 2.0 Spellcasting
 - Level 1.0 Conjurations
 - Level 3.0 Ice Magic


You had one spell level left.
You knew the following spells:

 Your Spells              Type           Power        Failure   Level  Hunger
a - Freeze                Ice            ##..         6%          1    #......
b - Throw Frost           Conj/Ice       #.....       12%         2    ###....
c - Ozocubu's Armour      Chrm/Ice       #.......     30%         3    ###....


Dungeon Overview and Level Annotations

Branches:
Dungeon (2/15)

Altars:

Annotations:
D:2 Natasha


Innate Abilities, Weirdness & Mutations

You cannot wear most types of armour.
You are very stealthy in the water.
You are amphibious.
You can wear up to eight rings at the same time.
You can use your tentacles to constrict eight enemies at once.
Your skin changes colour to match your surroundings (Stealth+).
Your rubbery body absorbs attacks. (AC +1, EV +1)


Message History

Aiming: Freeze
Press: ? - help, Shift-Dir - straight line, f - Natasha
Aim: Natasha (heavily wounded, constricted by you)
You freeze Natasha.
Natasha is severely wounded.
You constrict Natasha. Natasha casts a spell at you. The magic dart hits you!
The white imp hits you. The white imp freezes you.
* * * LOW HITPOINT WARNING * * *
Casting: Freeze
Confirm with . or Enter, or press ? or * to list all spells.
Aiming: Freeze
Press: ? - help, Shift-Dir - straight line, f/p - Natasha
Aim: Natasha (almost dead, constricted by you)
You freeze Natasha.
Natasha is almost dead.
You constrict Natasha, but do no damage.
Natasha casts a spell at you. You resist with some effort.
The iron imp hits you!
You die...

#######
.....
.....
=.. ###
...
...!
#.#
#..##s#
#..h5#
####@#
#.5#
#..#
#..#
#..#
#..#
##..#
#..##
##..#


You could see an iron imp, Natasha, a white imp and a giant cockroach.

Vanquished Creatures
  Natasha (D:2)
  Robin (D:2)
  2 dart slugs (D:1)
  5 bats
  3 giant cockroaches (D:1)
  12 goblins
  5 hobgoblins
  5 jackals (D:1)
  5 giant newts
  4 kobolds
  5 rats (D:1)
48 creatures vanquished.

Notes
Turn   | Place    | Note
-------+----------+-------------------------------------------
     0 | D:1      | Espgualade the Octopode Ice Elementalist began the quest for the Orb.
     0 | D:1      | Reached XP level 1. HP: 11/11 MP: 3/3
   291 | D:1      | Reached skill level 1 in Fighting
   302 | D:1      | Reached XP level 2. HP: 13/18 MP: 3/5
   424 | D:1      | Reached skill level 2 in Fighting
   920 | D:1      | Reached XP level 3. HP: 15/25 MP: 6/6
  1133 | D:1      | Learned a level 2 spell: Throw Frost
  1137 | D:1      | Learned a level 3 spell: Ozocubu's Armour
  1138 | D:2      | Noticed Robin
  1434 | D:1      | Reached skill level 3 in Fighting
  1931 | D:2      | Killed Robin
  1933 | D:2      | Reached XP level 4. HP: 22/31 MP: 2/7
  1971 | D:2      | Noticed Natasha
  1980 | D:2      | Killed Natasha
  1983 | D:2      | Reached skill level 4 in Fighting
  2313 | D:2      | Noticed Natasha
  2321 | D:2      | Slain by an iron imp

Vault maps used:
D:1:      dpeg_arrival_windows_large_door
D:2:      grunt_temple_overflow_open, uniq_robin, uniq_natasha

Skill      XL: |  1  2  3  4 |
---------------+-------------+-----
Fighting       | 1 2 3 4 |  4.0
Dodging        | |  2.0
Stealth        | |  2.6
Spellcasting   | |  2.0
Conjurations   | |  1.0
Ice Magic      | |  3.0

Action                   |  1- 3 |  4- 6 || total
-------------------------+-------+-------++-------
Melee: Unarmed           |    22 |       ||    22
       Constrict         |    23 |     7 ||    30
       Tentacles         |    15 |     3 ||    18
       Dagger            |    67 |     5 ||    72
       Trident           |       |    16 ||    16
 Cast: Freeze            |    12 |     2 ||    14
       Ozocubu's Armour  |     1 |       ||     1
  Use: Scroll            |     4 |       ||     4
 Stab: Sleeping          |     6 |       ||     6
  Eat: Chunk             |     3 |     1 ||     4
Armor: Skin              |    16 |     7 ||    23
Dodge: Dodged            |    99 |    22 ||   121
